 BcadrenCrawl: Boulder Brew version 0.04.2-3-g40356c7de1 (webtiles) character file.

Game seed: 17903734394046234785, levelgen mode: deterministic

2119 gruber the Cruncher (level 9, -2/69 HPs) Lignifite Demonspawn. Began on Apr 27, 2021. Slain by an orc warrior ... wielding a +0 battleaxe (17 damage) ... on level 4 of the Dungeon. The game lasted 00:13:53 (4363 turns).

gruber the Cruncher (Lignifite Demonspawn)          Turns: 4363, Time: 00:13:53

Health: -2/69      AC:  4    Str: 22    XL:     9 ^: 2500
Magic:  12/12      EV: 15    Int: 20    God:
Gold:   262        SH:  4    Dex:  7    Spells: 7/10 levels left

rFire    + . .     Vision   .   a - +0 morningstar
rCold    + . .     Gourm    .   (weapon restricted)
rNeg     . . .     Faith    .   b - +0 robe
rPois    +         Spirit   .   (helmet restricted)
rElec    .         Reflect  .   p - scarf {rC+ rF+}
rCorr    .         Harm     .   (gloves unavailable)
MR       .....                  (boots unavailable)
Stlth    ++........             c - amulet of rage
HPRegen  0.33/turn              i - ring of stealth
MPRegen  0.22/turn              m - ring of intelligence

@: studying Earth Magic, very quick
A: small, rF-, horns 1, thin metallic chaff 2, deformed body, fire resistance 1,
speed 2, poison resistance, powered by death 1, slow metabolism 1, torment
resistance, plant, rot immunity
a: Evoke Berserk Rage


You were on level 4 of the Dungeon.
You were not hungry.

You visited 1 branch of the dungeon, and saw 4 of its levels.

You collected 262 gold pieces.

Inventory:

Weapons
 a - a +0 morningstar (weapon) Shields
 h - a +0 heater shield
Armour
 b - a +0 robe (worn)
 p - a scarf of resistance (worn)
Jewellery
 c - an amulet of rage (around neck)
 i - a ring of stealth (left hand)
 m - a ring of intelligence (right hand)
Scrolls
 e - 3 scrolls of amnesia
 o - 2 scrolls of fog
 q - a scroll of bless item
 s - a scroll of summoning
Potions
 f - 4 potions of curing
 g - a potion of ambrosia
 j - 2 potions of invisibility
 k - 2 potions of magic
 l - a potion of might
 n - a potion of agility
 r - 2 potions of heal wounds
 t - a potion of haste
Comestibles
 d - 7 rations


   Skills:
 * Level 6.2 Fighting
 - Level 8.0 Maces & Staves
 - Level 2.1 Armour
 - Level 5.0 Dodging
 - Level 1.7 Stealth
 - Level 1.1 Shields
 - Level 1.1 Spellcasting
 - Level 1.5 Fire Magic
   Level 3.0 Invocations


You had 7 spell levels left.
You knew the following spells:

 Your Spells              Type           Power        Failure   Level  Hunger
a - Flame Tongue          Fire           7 (30)       9%          1    ##.....
b - Blink                 Tloc           N/A          26%         2    ###....

Your spell library contained the following spells:

 Spells                   Type           Power        Failure   Level  Hunger
 Call Imp                 Summ           1 (100)      26%         2    ###....
 Slow                     Hex            1 (100)      26%         2    ###....
 Conjure Flame            Fire           7 (100)      26%         3    ####...
 Mephitic Cloud           Pois/Air       1 (100)      45%         3    ####...


Dungeon Overview and Level Annotations

Branches:
Dungeon (4/8)              Temple (0/1) D:4

Altars:
Gozag Ym Sagoz


Innate Abilities, Weirdness & Mutations

Your woody flesh burns easily. (rF-)
A tangle of shorter branches protects your body from attack. (+4 SH)
You are small and have problems with some larger weapons.
You have a pair of small horns on your head.
You are mostly covered in a thin metallic chaff. (AC +3)
Armour fits poorly on your strangely shaped body.
You are heat resistant. (rF+)
You cover ground very quickly.
Your system is resistant to poisons. (rPois)
You regenerate a little health from kills.
You have a slow metabolism.
You are immune to unholy pain and torment.
You require very little carbon dioxide to survive.
You are immune to rotting.


Message History

You barely miss the orc warrior. x2
The orc warrior hits you with a +0 battleaxe (34)!!
You thump the orc warrior (7)! You barely miss the orc warrior.
Your headbutt misses the orc warrior.
The orc warrior is moderately wounded. (23/30) HP The howler monkey hoots and howls with incredible vigour!
The orc warrior closely misses you (0).
You hear a bark!
You hear a howl!
You closely miss the orc warrior. x2
You hear a shout!
The orc warrior hits you with a +0 battleaxe (9)!
* * * LOW HITPOINT WARNING * * *
You hear an angry hiss.
You closely miss the orc warrior. You hit the orc warrior (1).
Your headbutt misses the orc warrior.
The orc warrior is moderately wounded. (22/30) HP You block the orc warrior's attack.
You closely miss the orc warrior. You barely miss the orc warrior.
The orc warrior hits you with a +0 battleaxe (17)!
You die...

...........###..#
........#.##.#..# ##
....<..h#......$# #...
#.............####..#
##...h#.......#....####
###..##.......#...##.#
#...##.#S....#......##
##.o####...#.....#....
##ho@<####..#......o.
####.## ##.#..†#.##.
###..####...S......
#...###.##.....#.#.
#..............#.#.
#...#.........#####
#...###..#....#
##.###..#....## ###
#).....##


You could see an orc warrior, a howler monkey and an orc priest.

Vanquished Creatures
  An ogre (D:3)
  A crocodile (D:2)
  6 big kobolds
  2 bullfrogs
  2 howler monkeys (D:4)
  7 jellies
  A hound (D:3)
  2 iguanas (D:3)
  4 worker ants (D:3)
  An orc wizard (D:3)
  9 giant cockroaches
  A porcupine skeleton (D:3)
  A shadow imp (D:3)
  8 adders
  57 sewer rats
  9 cinder newts
  6 worms
  5 oozes (D:2)
  3 dart slugs (D:1)
  2 leopard geckos (D:1)
  6 orcs (D:3)
  An adder skeleton (D:3)
  4 ball pythons
  A cinder newt skeleton (D:2)
  3 goblins (D:1)
  3 hobgoblins (D:1)
  3 jackals (D:3)
  23 kobolds
  A quokka (D:3)
  11 bats
  3 bat skeletons (D:2)
  A goblin skeleton (D:2)
  A jackal skeleton (D:2)
  A leopard gecko skeleton (D:2)
  A quokka skeleton (D:3)
  4 rats (D:1)
  3 withered plants (D:2)
198 creatures vanquished.

Vanquished Creatures (others)
  A jelly (D:2)
  An ooze (D:2)
  8 kobolds (D:2)
  A giant blowfly (D:2)
  3 slimeheads (D:2)
  179 withered plants (D:2)
193 creatures vanquished.

Grand Total: 391 creatures vanquished

Notes
Turn   | Place    | Note
-------+----------+-------------------------------------------
     0 | D:1      | gruber the Lignifite Demonspawn began the quest for the
                  | Orb.
     0 | D:1      | Reached XP level 1. HP: 13/13 MP: 4/4
    71 | D:1      | Reached skill level 3 in Maces & Staves
    71 | D:1      | Gained mutation: You have a pair of small horns on your
                  | head. [demonic ancestry]
    71 | D:1      | Reached XP level 2. HP: 9/18 MP: 5/5
   226 | D:1      | Reached XP level 3. HP: 22/23 MP: 6/6
   248 | D:1      | Reached skill level 4 in Maces & Staves
   544 | D:1      | Gained mutation: You are heat resistant. (rF+) [demonic
                  | ancestry]
   544 | D:1      | Reached XP level 4. HP: 27/28 MP: 7/7
   790 | D:2      | Reached skill level 5 in Maces & Staves
   812 | D:1      | Reached XP level 5. HP: 15/33 MP: 8/8
   932 | D:1      | Reached skill level 1 in Shields
  1224 | D:1      | Reached skill level 6 in Maces & Staves
  1329 | D:2      | Gained mutation: You are partially covered in a thin
                  | metallic chaff. (AC +2) [demonic ancestry]
  1329 | D:2      | Reached XP level 6. HP: 43/43 MP: 9/9
  1447 | D:2      | Reached skill level 7 in Maces & Staves
  1670 | D:2      | Reached skill level 1 in Armour
  1731 | D:2      | Gained mutation: You are mostly covered in a thin metallic
                  | chaff. (AC +3) [demonic ancestry]
  1731 | D:2      | Reached XP level 7. HP: 41/48 MP: 10/10
  2397 | D:2      | Reached XP level 8. HP: 40/54 MP: 11/11
  2403 | D:2      | Reached skill level 5 in Dodging
  2414 | D:2      | Learned a level 2 spell: Blink
  3209 | D:2      | Found a faded altar of an unknown god.
  3635 | D:3      | Reached skill level 8 in Maces & Staves
  3763 | D:3      | Reached skill level 5 in Fighting
  3780 | D:3      | Found an opulent altar of Gozag.
  4307 | D:4      | Gained mutation: You regenerate a little health from kills.
                  | [demonic ancestry]
  4307 | D:4      | Reached XP level 9. HP: 69/69 MP: 12/12
  4317 | D:4      | Found a staircase to the Ecumenical Temple.
  4363 | D:4      | Slain by an orc warrior

Levels and vault maps discovered:
D:1:      ncdulo_smallfort, layout_loops_ring, first_ration, grunt_decor_clamped
D:2:      minmay_recursive_quarters, layout_sewer,
          chequers_ecumenical_altar_island, minmay_between
D:3:      layout_twisted_cavern, kennysheep_mini
D:4:      layout_cave_pools, kennysheep_little_box,
          minmay_temple_entry_junction, uniq_joseph, uniq_grum

Skill      XL: |  1  2  3  4  5  6  7  8  9 |
---------------+----------------------------+-----
Maces & Staves | 3 4 5 6 7 8 |  8.0
Shields        | 1 |  1.1
Armour         | 1 2 |  2.1
Dodging        | 4 5 |  5.0
Fighting       | 5 6 |  6.2
Stealth        | |  1.7
Spellcasting   | |  1.1
Fire Magic     | |  1.5
Invocations    | |  3.0

Action                   |  1- 3 |  4- 6 |  7- 9 || total
-------------------------+-------+-------+-------++-------
Melee: Morningstar       |   136 |   154 |   375 ||   665
       Unarmed           |   108 |   116 |   256 ||   480
       Headbutt          |     1 |     5 |    18 ||    24
  Use: Potion            |       |       |     1 ||     1
 Stab: Sleeping          |     1 |       |     8 ||     9
  Eat: Chunk             |       |     1 |     7 ||     8
Armor: Robe              |     8 |    13 |    77 ||    98
Dodge: Dodged            |   187 |   132 |   464 ||   783
Block: Other             |    12 |    22 |    63 ||    97
